Kradschützen Motorcycle Team
Kradschützen Motorcycle Team
Selects Armored Support Battlegroup
Selects Armored Support Battlegroup
Selects Armored Support Battlegroup
Construct Light Support Kompanie
Selects Superior Fire Drills
Pak 38 Anti-tank Gun Team
Construct Mechanized Kompanie
254 Reconnaissance Tractor
Selects Flammpanzer III Medium Tank
254 Reconnaissance Tractor
Kradschützen Motorcycle Team
Selects Command Panzer IV F Medium Tank
Construct Panzerarmee Kommand